 Dungeon Crawl Stone Soup version 0.25-a0-110-ge29c8f2358 (webtiles) character file.

Game seed: 1522647988200780992, levelgen mode: deterministic

147 tilp the Gusty (level 5, 0/28 HPs)
             Began as a Tengu Air Elementalist on Nov 19, 2019.
             Slain by an adder (2 damage)
             ... on level 3 of the Dungeon.
             The game lasted 00:06:18 (1695 turns).

tilp the Gusty (Tengu Air Elementalist)             Turns: 1695, Time: 00:06:19

Health: 0/28       AC:  2    Str:  8 (9)  XL:     5   Next: 29%
Magic:  7/10       EV: 12    Int: 13 (16) God:
Gold:   125        SH:  0    Dex: 11 (14) Spells: 3/9 levels left

rFire    . . .     SeeInvis .   a - +2 spear (venom)
rCold    . . .     Gourm    .   (no shield)
rNeg     . . .     Faith    .   e - +0 robe
rPois    .         Spirit   .   (helmet restricted)
rElec    .         Reflect  .   (no cloak)
rCorr    .         Harm     .   (no gloves)
MR       .....                  (boots unavailable)
Stlth    ++........             m - amulet of the acrobat
HPRegen  0.09/turn              (no ring)
MPRegen  0.12/turn              (no ring)

@: lethally poisoned (0 -> -4)
A: beak, talons 3, able to fly
a: Fly


You were on level 3 of the Dungeon.
You were not hungry.

You visited 1 branch of the dungeon, and saw 3 of its levels.

You collected 125 gold pieces.

Inventory:

Hand Weapons
 a - a +2 spear of venom (weapon)
 r - a +1 dagger of venom
Missiles
 b - 176 stones
 f - 15 poisoned darts (quivered)
 i - 19 sling bullets
 u - 2 throwing nets
Armour
 e - a +0 robe (worn)
Jewellery
 m - an amulet of the acrobat (around neck)
 t - an uncursed ring of protection from magic {unknown}
Scrolls
 h - a scroll of immolation
 k - 2 scrolls of teleportation
Potions
 d - a potion of degeneration
 j - 2 potions of might {unknown}
 l - a potion of ambrosia {unknown}
 n - a potion of curing {unknown}
 o - a potion of invisibility {unknown}
 p - 2 potions of brilliance {unknown}
 q - a potion of lignification {unknown}
Comestibles
 c - 3 rations


   Skills:
 - Level 2.1 Dodging
 - Level 2.0 Stealth
 + Level 2.8 Spellcasting
 + Level 5.0 Conjurations
 + Level 5.0 Air Magic


You had 3 spell levels left.
You knew the following spells:

 Your Spells              Type           Power        Failure   Level  Hunger
a - Shock                 Conj/Air       ##..         3%          1    #......
b - Swiftness             Chrm/Air       #.......     13%         2    ###....
c - Static Discharge      Conj/Air       ##......     9%          3    ###....

Your spell library contained the following spells:

 Spells                   Type           Power        Failure   Level  Hunger
 Airstrike                Air            ##........   28%         4    #####..
 Lightning Bolt           Conj/Air       ##........   63%         5    ######.


Dungeon Overview and Level Annotations

Branches:
Dungeon (3/15)

Altars:


Innate Abilities, Weirdness & Mutations

You have a beak for a mouth.
You have claws for feet.
You can fly continuously.


Message History

* * * LOW HITPOINT WARNING * * *
The adder bites you.
* * * LOW HITPOINT WARNING * * *
You are poisoned.
The adder poisons you!
You hit the adder.
The adder is heavily wounded.
* * * LOW HITPOINT WARNING * * *
You feel sick.
You kill the orc priest!
Your Conjurations skill increases to level 5!
Your Air Magic skill increases to level 5!
The adder bites you.
* * * LOW HITPOINT WARNING * * *
It was a potion of degeneration.
There was something very wrong with that liquid.
You feel weakened.
You feel dopey.
You feel clumsy.
* * * LOW HITPOINT WARNING * * *
You feel sick. The adder bites you.
You die...

#.. #.. #.#
#.# ##.##
.$. #S# #@#
#.# #.# #.#
######.###
.......(..#
........#.#
.########.#
# #.#


You could see an adder.

Vanquished Creatures
  An orc priest (D:3)
  A worker ant (D:2)
  An adder (D:2)
  2 oozes
  A dart slug (D:2)
  2 leopard geckos (D:1)
  2 orcs (D:3)
  2 ball pythons
  6 bats
  4 giant cockroaches
  3 goblins
  8 hobgoblins
  11 jackals
  5 kobolds
  A quokka (D:3)
  2 frilled lizards
  A quokka skeleton (D:3)
  11 rats
64 creatures vanquished.

Notes
Turn   | Place    | Note
-------+----------+-------------------------------------------
     0 | D:1      | tilp the Tengu Air Elementalist began the quest for the
                  | Orb.
     0 | D:1      | Reached XP level 1. HP: 10/10 MP: 4/4
   157 | D:1      | Reached XP level 2. HP: 15/15 MP: 6/6
   161 | D:1      | Learned a level 2 spell: Swiftness
   464 | D:1      | Reached XP level 3. HP: 19/19 MP: 7/7
   469 | D:1      | Learned a level 3 spell: Static Discharge
   972 | D:2      | Reached XP level 4. HP: 24/24 MP: 6/8
  1687 | D:3      | Gained mutation: You can fly continuously. [Tengu growth]
  1687 | D:3      | Reached XP level 5. HP: 28/28 MP: 7/9
  1694 | D:3      | Reached skill level 5 in Conjurations
  1694 | D:3      | Reached skill level 5 in Air Magic
  1695 | D:3      | Slain by an adder

Levels and vault maps discovered:
D:1:      dpeg_arrival_more_subterranean_lakeside_camping, layout_basic,
          minmay_tripent
D:2:      layout_basic, first_ration, minivault_24, minmay_tree_intersection,
          minmay_split_cup_large
D:3:      layout_loops_ring, portal_sewer_entry_a,
          minmay_randomly_rotated_circles, uniq_terence, uniq_natasha

Skill      XL: |  1  2  3  4  5 |
---------------+----------------+-----
Conjurations   | 2 3 4 5 |  5.0
Air Magic      | 5 |  5.0
Dodging        | |  2.1
Stealth        | |  2.0
Spellcasting   | |  2.8

Action                   |  1- 3 |  4- 6 || total
-------------------------+-------+-------++-------
Melee: Spear             |    48 |    57 ||   105
       Kick              |     6 |     9 ||    15
       Dagger            |     1 |       ||     1
       Peck              |     4 |     4 ||     8
 Cast: Shock             |    35 |     6 ||    41
  Use: Scroll            |     2 |     2 ||     4
       Potion            |       |     1 ||     1
 Stab: Sleeping          |     3 |     6 ||     9
       Distracted        |       |     1 ||     1
  Eat: Chunk             |     1 |     2 ||     3
Armor: Robe              |     5 |     9 ||    14
Dodge: Dodged            |    19 |    31 ||    50

Table legend:
 A = Non-vault XP
 B = Vault XP
 C = Vault XP percentage of total XP
 D = Non-vault monster count
 E = Vault monster count
 F = Vault count percentage of total count
                 A         B        C        D         E       F
            +---------+---------+-------+---------+---------+-------
      Total |     201 |      10 |   4.7 |      58 |       6 |   9.4
            +---------+---------+-------+---------+---------+-------
        D:1 |      51 |       4 |   7.3 |      30 |       2 |   6.2
        D:2 |      89 |       6 |   6.3 |      21 |       4 |  16.0
        D:3 |      61 |       0 |   0.0 |       7 |       0 |   0.0
            +---------+---------+-------+---------+---------+-------
